Match 28612326
Unlisted

Match 28612326
End
Construct Section Command Post
Infantry Section
ML 3-inch Mortar Team
Infantry Section
Selects Heavy Armor Battlegroup
Construct Platoon Command Post
Construct Field Infirmary
Selects Rigorous Vehicle Training
Construct Company Command Post
6-pounder Anti-tank Gun Team
Infantry Section
Unlock Bishop Self-propelled Artillery
Selects Crusader AA Medium Tank
Construct Company Command Post
Selects UNKNOWN (2162094)
Grenade Package
Selects Light Vehicle Withdraw and Refit
Selects Forward Repair Assembly
Churchill IV Heavy Tank
Royal Engineer Section
Churchill IV Heavy Tank
Selects Recon Artillery
Recon Artillery
Royal Engineer Section
Recon Artillery
Churchill IV Heavy Tank
Recon Artillery
Armored Vehicle Training
Ж | Zoomer
KRebel
TidaL
Darwi
Capitan-Nascimento
FolMaster
0
0

Comments sign in to comment!

No comments posted yet!